 Dungeon Crawl Stone Soup version 0.28.0-43-g3370ac3207 (webtiles) character file.

Game seed: 12663916321340029948

44448 adizb the Slinger (level 13, -10/121 HPs)
             Began as a Deep Dwarf Berserker on Mar 12, 2022.
             Was an Elder of Trog.
             Mangled by a death yak (19 damage)
             ... on level 6 of the Lair of Beasts.
             The game lasted 01:11:29 (12985 turns).

adizb the Slinger (Deep Dwarf Berserker)           Turns: 12985, Time: 01:11:33

Health: -10/121    AC: 17    Str: 39    XL:     13   Next: 96%
Magic:  12/12      EV: 16    Int:  8    God:    Trog [****..]
Gold:   1400       SH:  0    Dex: 14    Spells: 12/12 levels left

rFire   . . .      SeeInvis .   R - +2 broad axe (flame)
rCold   + . .      Faith    .   (no shield)
rNeg    + . .      Spirit   .   L - +1 scale mail of Neurei {Harm rPois rC+ Str+3}
rPois   +          Reflect  .   u - +0 helmet
rElec   .          Harm     +   p - +0 cloak
rCorr   .          Rampage  .   t - +1 pair of gloves
Will    +++++      Clarity  +   V - +1 pair of boots
Stlth   ++........              C - amulet of the Four Winds {rN+ Will+++ Clar}
HPRegen 1.00/turn               H - +6 ring of strength
MPRegen 0.13/turn               J - +6 ring of strength

@: strong-willed, regenerating
A: damage resistance, heal wounds, sense surroundings 2, no regeneration
a: Heal Wounds, Renounce Religion, Berserk, Trog's Hand, Brothers in Arms


You were on level 6 of the Lair of Beasts.
You worshipped Trog.
Trog was greatly pleased with you.
You visited 2 branches of the dungeon, and saw 15 of its levels.

You collected 1400 gold pieces.

Inventory:

Hand Weapons
 m - the +9 fustibalus of Kuajojao {venom, Dex+6}
   (You found it on level 2 of the Dungeon)

   Any ammunition fired from it poisons the flesh of those it strikes.
   Dex:       It affects your dexterity (+6).
 N - the +6 trident "Cowicv Esach" {chaos, rElec rPois rN+++ Int-2}
   (You took it off an orc on level 8 of the Dungeon)

   Each time it hits an enemy it has a different, random effect.
   Int:       It affects your intelligence (-2).
   rElec:     It insulates you from electricity.
   rPois:     It protects you from poison.
   rN:        It renders you almost immune to negative energy.
 R - a +2 broad axe of flaming (weapon)
Missiles
 f - 66 sling bullets
 h - 356 stones
 y - 5 curare-tipped darts
 D - 3 throwing nets
 S - 8 poisoned darts
Armour
 g - a +0 chain mail
 p - a +0 cloak (worn)
 t - a +1 pair of gloves (worn)
 u - a +0 helmet (worn)
 A - the +1 leather armour "Siemabb" {rF+}
   (You found it on level 4 of the Dungeon)

   rF:        It protects you from fire.
 B - a +0 plate armour
 L - the +1 scale mail of Neurei (worn) {Harm rPois rC+ Str+3}
   (You found it on level 8 of the Dungeon)

   Str:       It affects your strength (+3).
   rC:        It protects you from cold.
   rPois:     It protects you from poison.
   Harm:      It increases damage dealt and taken.
 V - a +1 pair of boots (worn)
 W - a +1 pair of boots
Jewellery
 C - the amulet of the Four Winds (around neck) {rN+ Will+++ Clar}
   (You found it on level 5 of the Dungeon)

   [amulet of nothing]

   rN:        It protects you from negative energy.
   Clar:      It protects you against confusion.
   Will:      It greatly increases your willpower.
 H - a +6 ring of strength (left hand)
 J - a +6 ring of strength (right hand)
 O - an amulet of magic regeneration
Wands
 k - a wand of iceblast (12)
 o - a wand of acid (9)
 w - a wand of charming (10)
 I - a wand of polymorph (2)
 P - a wand of paralysis (6)
 Y - a wand of mindburst (17)
Scrolls
 c - 11 scrolls of blinking
 e - 4 scrolls of teleportation
 s - a scroll of fear
 K - 3 scrolls of magic mapping
 Q - a scroll of brand weapon
 U - a scroll of fog
Potions
 b - 4 potions of heal wounds
 d - 3 potions of resistance
 i - 2 potions of mutation {unknown}
 j - 3 potions of attraction
 l - a potion of ambrosia
 r - 5 potions of curing
 v - 4 potions of flight
 x - 2 potions of magic
 z - 4 potions of haste
 E - a potion of invisibility
 F - a potion of might


   Skills:
 + Level 9.3 Fighting
 + Level 9.9(11.0) Axes
 + Level 6.4(8.3) Polearms
 * Level 14.5 Slings
 + Level 10.7 Armour
 + Level 10.7 Dodging
 - Level 8.2 Stealth


You had 12 spell levels left.
You didn't know any spells.
Your spell library was empty.

Dungeon Overview and Level Annotations

Branches:
Dungeon (9/15)             Temple (0/1) D:7            Lair (6/6) D:8
 Shoals (0/4) Lair:2        Snake (0/4) Lair:2
  Slime: Lair:5-6       Orc: D:9-12

Altars:
Cheibriados
Gozag
Hepliaklqana
Kikubaaqudgha
Makhleb
Okawaru
Ru
The Shining One

Portals:
Hell: Lair:6


Innate Abilities, Weirdness & Mutations

You are resistant to damage.
You can heal yourself by infusing magical energy.
You passively map the area around you.
You do not regenerate.


Message History

The death yak is lightly wounded.
You hit the death yak. You burn the death yak. You miss the blink frog.
You slash the death yak! You burn the death yak. You slice the blink frog!!
You burn the blink frog.
The blink frog blinks! x2
Your two-headed ogre hits the jelly with a +0 dire flail!!
The jelly dies!
Trog accepts your kill.
The blink frog hits you but does no damage.
The blink frog blinks!
The death yak gores you but does no damage.
The blink frog blinks!
The death yak gores you!
* * * LOW HITPOINT WARNING * * *
The blink frog closely misses you. The death yak barely misses you.
You hit the death yak but do no damage.
The death yak is lightly wounded.
You slash the blink frog! You burn the blink frog.
You barely miss the death yak. You miss the blink frog.
You slice the death yak!! You burn the death yak.
The blink frog closely misses you.
Your two-headed ogre hits the death yak with a +0 dire flail!
The death yak dies!
Trog accepts your kill.
The blink frog blinks! x2; The death yak gores you!
* * * LOW HITPOINT WARNING * * *
The blink frog hits you but does no damage.
The death yak completely misses you.
Your two-headed ogre rages.
You hit the death yak. You burn the death yak.
The death yak is moderately wounded.
You slash the death yak! You burn the death yak. You slice the blink frog!!
You burn the blink frog.
You kill the blink frog!
Trog accepts your kill.
You hit the blink frog. You burn the blink frog.
The blink frog blinks!
The blink frog closely misses you. The death yak gores you!
* * * LOW HITPOINT WARNING * * *
Your two-headed ogre hits the death yak with a +0 dire flail!!
Your two-headed ogre hits the death yak with a +0 giant club!
The death yak gores you!
You die...

♣÷♣♣ * *.......§..F ♣.♣♣
♣♣.......F.#* ,, ♣♣.♣♣
♣.F.......# ....♣♣♣♣
♣♣.........## ,** .......♣♣♣
♣♣♣..§......... , ,
.........♣♣♣.......J...... ,
...........§.............. ,
..............§§YO.†.J...# ,
...............Y@.(.....## *
...............F..........
,,
...............F..........,
, ,
†........................#
.........[...............# ,
..........F...............
..........................,,
........................ , ,
............. , , ,


You could see 2 death yaks, a slime creature, 5 blink frogs, a jelly and a
friendly two-headed ogre (summoned, berserk).

Vanquished Creatures
  Harold (D:7)
  5 hydras
  A death yak (Lair:2)
  A wizard (Lair:6)
  A lindwurm (Lair:6)
  The ghost of KittyFluff the Basher, a novice MiBe of Trog (D:6)
  9 elephants (Lair:5)
  A merfolk siren (Lair:2)
  15 cane toads
  An orange demon (Lair:6)
  9 rime drakes
  6 black mambas
  7 komodo dragons
  An unseen horror (D:7)
  3 ice devils (Lair:6)
  2 red devils (Lair:6)
  A hellwing (Lair:6)
  A troll (D:9)
  17 blink frogs
  42 yaks
  8 wyverns
  4 vampire mosquitoes (D:7)
  8 basilisks
  14 water moccasins
  2 hell hounds (Lair:6)
  4 ice beasts
  4 orc warriors
  5 black bears
  3 ogres
  A centaur (D:9)
  3 necrophages
  10 wolves
  2 kobold brigands
  8 bullfrogs
  2 elf skeletons (D:4)
  2 wyvern zombies (D:7)
  A wyvern skeleton (D:5)
  2 water moccasin zombies
  2 scorpions (Lair:2)
  2 water moccasin skeletons
  6 killer bees (D:9)
  6 wights
  3 electric eels
  Crazy Yiuf (D:2)
  2 human zombies (D:4)
  2 gnoll shamans (D:6)
  A hound (D:5)
  A jelly (D:6)
  3 orc priests
  A bullfrog skeleton (D:6)
  2 centaur skeletons
  Natasha (D:2)
  2 iguanas
  7 orc wizards
  8 hell rats (Lair:1)
  6 gnolls
  3 howler monkey skeletons
  9 adders
  9 river rats (Lair:1)
  A shadow imp (D:6)
  A white imp (D:5)
  2 adder skeletons (D:5)
  2 worms (D:2)
  2 dart slugs
  32 orcs
  5 bats
  11 endoplasms
  3 giant cockroaches
  8 hobgoblins
  8 quokkas
  10 ball pythons
  A frilled lizard (D:2)
  5 goblins
  8 kobolds
  An orc skeleton (D:4)
  An orc zombie (D:4)
  21 rats
407 creatures vanquished.

Vanquished Creatures (collateral kills)
  2 dire elephants (Lair:2)
  3 death yaks (Lair:6)
  A sun demon (Lair:6)
  A slime creature (Lair:6)
  A hell hound (Lair:6)
  A phantom (D:6)
  A jelly (Lair:6)
10 creatures vanquished.

Vanquished Creatures (others)
  14 fungi
  20 plants
  9 toadstools (Lair:2)
43 creatures vanquished.

Grand Total: 460 creatures vanquished

Notes
Turn   | Place    | Note
-------+----------+-------------------------------------------
     0 | D:1      | adizb the Deep Dwarf Berserker began the quest for the Orb.
     0 | D:1      | Reached XP level 1. HP: 20/20 MP: 1/1
   253 | D:1      | Reached XP level 2. HP: 12/27 MP: 2/2
   345 | D:1      | Found a faded altar of an unknown god.
  1088 | D:2      | Reached XP level 3. HP: 11/33 MP: 3/3
  1213 | D:2      | Identified the +9 fustibalus of Kuajojao {venom, Dex+6}
  1222 | D:2      | Reached ** piety under Trog
  1464 | D:2      | Found a runed translucent door.
  1465 | D:2      | Noticed Crazy Yiuf
  1637 | D:2      | Killed Crazy Yiuf
  1638 | D:2      | Reached skill level 1 in Slings
  1638 | D:2      | Reached XP level 4. HP: 30/42 MP: 4/4
  1811 | D:2      | Noticed Natasha
  1813 | D:2      | Killed Natasha
  1946 | D:3      | Found an opulent altar of Gozag.
  2088 | D:3      | Reached XP level 5. HP: 35/49 MP: 5/5
  2179 | D:3      | Reached skill level 2 in Slings
  3006 | D:4      | Reached skill level 1 in Stealth
  3028 | D:4      | Found a sand-covered staircase.
  3041 | D:4      | Reached XP level 6. HP: 45/56 MP: 6/6
  3070 | D:4      | Reached skill level 3 in Slings
  3096 | D:4      | Reached *** piety under Trog
  3119 | D:4      | Reached skill level 5 in Axes
  3146 | D:4      | Reached XP level 7. HP: 42/63 MP: 7/7
  3175 | D:4      | You fall into a shaft and drop 1 floor!
  3175 | D:5      | Entered Level 5 of the Dungeon
  3178 | D:5      | Reached skill level 4 in Slings
  3235 | D:5      | Noticed a yak
  3235 | D:5      | Noticed a yak
  3235 | D:5      | Noticed a yak
  3395 | D:5      | Noticed a yak
  3396 | D:5      | Noticed a yak
  3397 | D:5      | Noticed a yak
  3416 | D:5      | Killed a yak
  3419 | D:5      | Killed a yak
  3420 | D:5      | Reached skill level 5 in Slings
  3420 | D:5      | Reached XP level 8. HP: 66/72 MP: 8/8
  3432 | D:5      | Reached skill level 6 in Slings
  3432 | D:5      | Reached skill level 5 in Armour
  3432 | D:5      | Reached skill level 5 in Dodging
  4047 | D:4      | Identified the +1 leather armour "Siemabb" {rF+}
  4331 | D:5      | Found a sacrificial altar of Ru.
  4347 | D:5      | Reached skill level 5 in Stealth
  4401 | D:5      | Found the amulet of the Four Winds {rN+ Will+++ Clar}
  4534 | D:5      | Found an iron altar of Okawaru.
  4534 | D:5      | Found an ancient bone altar of Kikubaaqudgha.
  4806 | D:6      | Gained mutation: You passively map the area around you.
                  | [Deep Dwarf growth]
  4806 | D:6      | Reached XP level 9. HP: 58/80 MP: 9/9
  4831 | D:6      | Reached **** piety under Trog
  5056 | D:6      | Reached skill level 5 in Fighting
  5172 | D:6      | Noticed KittyFluff's ghost (novice MiBe)
  5173 | D:6      | Found a transporter.
  5198 | D:6      | Reached skill level 7 in Slings
  5312 | D:6      | Found a hazy altar of Hepliaklqana.
  5313 | D:6      | Found a transporter.
  5541 | D:6      | Killed KittyFluff's ghost
  5936 | D:7      | Reached skill level 8 in Slings
  6035 | D:7      | Reached XP level 10. HP: 77/91 MP: 10/10
  6188 | D:7      | Found a staircase to the Ecumenical Temple.
  6391 | D:7      | Noticed Harold
  6403 | D:7      | Killed Harold
  6511 | D:7      | Reached skill level 9 in Slings
  7027 | D:8      | Found a staircase to the Lair.
  7037 | D:8      | Identified the +1 scale mail of Neurei {Harm rPois rC+
                  | Str+3}
  7234 | D:8      | Reached XP level 11. HP: 55/99 MP: 11/11
  7237 | D:8      | Identified the +6 trident "Cowicv Esach" {chaos, rElec
                  | rPois rN+++ Int-2}
  7550 | D:8      | Found a snail-covered altar of Cheibriados.
  7638 | D:8      | Found a glowing golden altar of the Shining One.
  7960 | D:9      | Reached skill level 10 in Slings
  8016 | D:9      | Reached skill level 1 in Polearms
  8372 | Lair:1   | Entered Level 1 of the Lair of Beasts
  8561 | Lair:1   | Noticed a five-headed hydra
  8578 | Lair:1   | Killed a five-headed hydra
  8579 | Lair:1   | Reached skill level 11 in Slings
  8766 | Lair:1   | You fall into a shaft and drop 1 floor!
  8789 | Lair:2   | Reached ***** piety under Trog
  8958 | Lair:2   | Found a staircase to the Snake Pit.
  9089 | Lair:1   | Reached XP level 12. HP: 81/109 MP: 11/11
  9608 | Lair:2   | Found a staircase to the Shoals.
  9763 | Lair:2   | Noticed a death yak
  9782 | Lair:2   | Killed a death yak
  9788 | Lair:2   | Reached skill level 12 in Slings
  9885 | Lair:2   | Found a runed translucent door.
  9926 | Lair:2   | Noticed a dire elephant
  9926 | Lair:2   | Noticed a dire elephant
  9936 | Lair:2   | Killed a dire elephant
  9938 | Lair:2   | Killed a dire elephant
  9938 | Lair:2   | Received a gift from Trog
 10613 | Lair:3   | Noticed a four-headed hydra
 10618 | Lair:3   | Killed a four-headed hydra
 10760 | Lair:3   | Reached skill level 5 in Polearms
 10792 | Lair:3   | Reached skill level 13 in Slings
 10971 | Lair:3   | Noticed a four-headed hydra
 10975 | Lair:3   | Killed a four-headed hydra
 11720 | Lair:4   | Reached XP level 13. HP: 91/118 MP: 12/12
 11986 | Lair:5   | Reached skill level 10 in Dodging
 11989 | Lair:5   | Reached skill level 10 in Armour
 12437 | Lair:6   | Entered Level 6 of the Lair of Beasts
 12643 | Lair:6   | Reached skill level 14 in Slings
 12787 | Lair:6   | Found a burning altar of Makhleb.
 12885 | Lair:6   | Found a gateway to Hell.
 12985 | Lair:6   | Mangled by a death yak

Illustrated notes

Levels and vault maps discovered:
D:1:      dpeg_cavernosity, layout_basic,
          dreamdust_ecumenical_altar_sealed_demon
D:2:      layout_loops_ring, minmay_shallow_snake_nest, uniq_natasha,
          uniq_crazy_yiuf_cottage
D:3:      layout_loops_ring, nicolae_gozag_seed_capital
D:4:      layout_cave_pods, nicolae_ossuary_entry_catacombs
D:5:      layout_loops_corners, nicolae_ru_sacrificial_ziggurat,
          gammafunk_temple_overflow_wave, kennysheep_cross_room, st_stairs_10,
          chequers_serial_rivers_marsh, corner_web_ring
D:6:      layout_layer_cave, nzn_hepliaklqana_mist_gate, gammafunk_ghost_arena,
          nicolae_grassy_gnolls
D:7:      minmay_polygon_palace, layout_loops_ring, minmay_temple_entry_fiery,
          uniq_harold
D:8:      statuecave_lemuel, layout_loops_corners, nicolae_tso_carved_into_rock,
          mainiacjoe_overflow_tiny_flanked, grunt_lair_entry_orc_guard_hut
D:9:      layout_loops_ring, kennysheep_nondescript
Lair:1:   lemuel_ratsnest, layout_cave_shapes
Lair:2:   gammafunk_lair_enchanted_lake, layout_regular_city,
          elwin_shoals_entry_rooms, dummy_snake_entry
Lair:3:   layout_layer_cave
Lair:4:   layout_layer_cave, minivault_11, kennysheep_basilisk_garden
Lair:5:   layout_gridlike, minmay_hedge_maze, grunt_megastairs_4,
          serial_bayou_shore_a, infiniplex_staircase_pool
Lair:6:   evil_forest, layout_regular_city, minmay_slime_entry_pillars,
          gammafunk_ghost_necromancy, uniq_rupert

Skill      XL: |  1  2  3  4  5  6  7  8  9 10 11 12 13 |
---------------+----------------------------------------+-----
Fighting       | 3 4 5 6 7 8 9 |  9.3
Axes           | 4 5 6 7 8 9 |  9.9
Slings         | 1 2 3 5 6 8 9 11 13 14 | 14.5
Dodging        | 3 4 5 6 7 8 9 10 | 10.7
Armour         | 3 4 5 6 7 8 9 10 | 10.7
Stealth        | 1 2 3 5 6 7 8 |  8.2
Polearms       | 3 5 6 |  6.4

Action                   |  1- 3 |  4- 6 |  7- 9 | 10-12 | 13-15 || total
-------------------------+-------+-------+-------+-------+-------++-------
Melee: Hand axe          |    98 |       |       |       |       ||    98
       Punch             |     3 |     1 |       |     1 |       ||     5
       War axe           |       |    41 |     6 |     9 |       ||    56
       Trident           |       |       |       |   107 |    10 ||   117
       Broad axe         |       |       |       |       |    24 ||    24
 Fire: Fustibalus        |    12 |    67 |   186 |   406 |   191 ||   862
Invok: Trog's Hand       |     1 |     1 |     7 |    19 |    10 ||    38
       Berserk           |       |       |       |     2 |     1 ||     3
       Brothers in Arms  |       |       |       |     1 |     1 ||     2
 Abil: Heal Wounds       |       |       |       |     3 |     1 ||     4
  Use: Scroll            |       |     1 |    10 |     8 |     5 ||    24
       Potion            |       |       |     2 |       |     2 ||     4
 Stab: Sleeping          |     1 |       |       |     1 |       ||     2
       Distracted        |       |       |       |     1 |       ||     1
Armor: Animal skin       |     4 |       |       |       |       ||     4
       Ring mail         |    23 |    12 |    10 |     9 |       ||    54
       Scale mail        |       |       |       |    53 |    39 ||    92
Dodge: Dodged            |    64 |    22 |    44 |   105 |   107 ||   342
